 Dungeon Crawl Stone Soup version 0.29-a0-369-gd956c00756 (webtiles) character file.

Game seed: 10286220849865888505

9728 mandarbmax the Martial Artist (level 11, -13/77 HPs)
             Began as an Octopode Transmuter on May 1, 2022.
             Was a Believer of Uskayaw.
             Mangled by a boulder beetle (15 damage)
             ... on level 11 of the Dungeon.
             The game lasted 00:45:31 (16048 turns).

mandarbmax the Martial Artist (OpTm)               Turns: 16048, Time: 00:45:31

Health: -13/77     AC:  2    Str: 12    XL:     11   Next: 51%
Magic:  14/15      EV: 28    Int: 22    God:    Uskayaw [**....]
Gold:   610        SH:  0    Dex: 25    Spells: 3/14 levels left

rFire   + . .      SeeInvis .     - Unarmed
rCold   x . .      Faith    +   (shield currently unavailable)
rNeg    . . .      Spirit   .   (helmet currently unavailable)
rPois   x          Reflect  .   k - amulet of faith
rElec   .          Harm     .   a - +6 ring of dexterity
rCorr   +          Rampage  .   j - ring "Goyn" {Wiz Str+2}
Will    .....                   y - ring "Eracsota" {Fire rCorr Int+4}
Stlth   ++++......              (no ring)
HPRegen 0.22/turn               (no ring)
MPRegen 0.14/turn               (no ring)
                                (no ring)
                                (no ring)

@: about to teleport, spider-form
A: venomous fangs, almost no armour, (amphibious), 8 rings, tiny, (camouflage
1), (gelatinous body 1), (nimble swimmer 1), (tentacles)
a: End Transformation, Renounce Religion, Stomp, Line Pass


You were on level 11 of the Dungeon.
You worshipped Uskayaw.
Uskayaw was noncommittal.
You were a venomous arachnid creature.
You visited 1 branch of the dungeon, and saw 11 of its levels.
You also visited: Sewer.

You collected 610 gold pieces.

Inventory:

Missiles
 z - a throwing net
Armour
 p - an orb of guile
Magical Staves
 n - a staff of conjuration
Jewellery
 a - a +6 ring of dexterity (left front leg)
 j - the ring "Goyn" (right front leg) {Wiz Str+2}
   (You acquired it in a sewer)

   [ring of wizardry]

   It improves your spell success rate.
   Str:       It affects your strength (+2).
 k - an amulet of faith (around neck)
 y - the ring "Eracsota" (on tentacle) {Fire rCorr Int+4}
   (You found it on level 6 of the Dungeon)

   [ring of fire]

   It enhances your fire magic.
   Int:       It affects your intelligence (+4).
   rF:        It protects you from fire.
   rC:        It makes you vulnerable to cold.
   rCorr:     It protects you from acid and corrosion.
Wands
 b - a wand of polymorph (11)
 e - a wand of flame (16)
 q - a wand of mindburst (19)
 x - a wand of digging (4)
 C - a wand of acid (12)
Scrolls
 c - a scroll of silence
 d - a scroll of vulnerability
 f - 4 scrolls of enchant armour
 h - 2 scrolls of amnesia
 l - a scroll of fog
 r - 4 scrolls of immolation
 E - 2 scrolls of magic mapping
 G - a scroll of brand weapon {unknown}
 H - a scroll of enchant weapon {unknown}
Potions
 g - 2 potions of brilliance
 m - a potion of might
 s - 2 potions of flight
 t - a potion of cancellation {unknown}
 v - a potion of resistance {unknown}
 w - 2 potions of mutation {unknown}
 A - 3 potions of magic {unknown}
 D - 2 potions of lignification
 F - a potion of ambrosia {unknown}
 I - 3 potions of haste {unknown}


   Skills:
 - Level 8.0 Fighting
 - Level 8.0 Dodging
 + Level 7.7 Stealth
 - Level 10.0 Unarmed Combat
 - Level 2.0 Spellcasting
 - Level 6.0 Transmutations
 - Level 2.0 Poison Magic
 + Level 5.4 Invocations
 - Level 4.0 Evocations


You had 3 spell levels left.
You knew the following spells:

 Your Spells              Type           Power      Damage    Failure   Level
a - Beastly Appendage     Tmut           56%        N/A       2%          1
b - Wereblood             Tmut           28%        N/A       3%          2
c - Spider Form           Tmut/Pois      19%        N/A       9%          3
d - Petrify               Tmut/Erth      15%        N/A       28%         4
z - Animate Skeleton      Necr           4%         N/A       13%         1

Your spell library contained the following spells:

 Spells                   Type           Power      Damage    Failure   Level
 Apportation              Tloc           4%         N/A       13%         1
 Summon Small Mammal      Summ           8%         N/A       13%         1
 Dazzling Flash           Conj/Hex       4%         N/A       30%         3
 Gell's Gravitas          Tloc           2%         N/A       30%         3
 Lesser Beckoning         Tloc           2%         N/A       30%         3
 Teleport Other           Tloc           2%         N/A       30%         3
 Tukima's Dance           Hex            2%         N/A       30%         3
 Ice Form                 Ice/Tmut       15%        N/A       28%         4
 Anguish                  Hex/Necr       1%         N/A       63%         4
 Iskenderun's Mystic Bla  Conj/Tloc      2%         2d3       63%         4
 Freezing Cloud           Conj/Ice/Air   1%         6-21      89%         5
 Iron Shot                Conj/Erth      1%         9d1       100%        6
 Starburst                Conj/Fire      1%         6d3       100%        6
 Enfeeble                 Hex            1%         N/A       100%        7
 Chain Lightning          Conj/Air       1%         3d1       100%        9


Dungeon Overview and Level Annotations

Branches:
Dungeon (11/15)            Temple (0/1) D:6            Lair (0/6) D:9
    Orc (0/2) D:9           Sewer (visited)

Altars:
Dithmenos
Uskayaw
Wu Jian

Shops:
D:4 =

Annotations:
D:6 chopper's ghost, novice MiFi


Innate Abilities, Weirdness & Mutations

You are a venomous arachnid creature.
You have poisonous fangs.
You are tiny and dextrous.
Your spellcasting is less reliable in this form.
Your armour is entirely melded.
You are incapable of wielding weapons or throwing items.
You cannot wear most types of armour.
((You are amphibious.))
You can wear up to eight rings at the same time.
((Your skin changes colour to match your surroundings (Stealth+).))
((Your rubbery body absorbs attacks. (AC +1, EV +1)))
((You are camouflaged when in or above water. (Stealth+)))
((You have tentacles for arms and can constrict up to eight enemies at once.))


Message History

You hit the boulder beetle.
The boulder beetle is lightly wounded.
The boulder beetle leaps!
The boulder beetle misses you.
You bite the boulder beetle!
The boulder beetle is moderately wounded.
The boulder beetle bites you!!
You hit the boulder beetle but do no damage.
The boulder beetle is moderately wounded.
The boulder beetle misses you.
You hit the boulder beetle but do no damage.
The boulder beetle looks even sicker.
The boulder beetle is moderately wounded.
The boulder beetle completely misses you.
You hit the boulder beetle but do no damage.
The boulder beetle is heavily wounded.
You bite the boulder beetle!
The boulder beetle looks as sick as possible!
The boulder beetle is heavily wounded.
The boulder beetle bites you!!
* * * LOW HITPOINT WARNING * * *
You can now pass through a line of other dancers.
Okay, then.
Okay, then.
Okay, then.
Okay, then.
Okay, then.
As you read the scroll of teleportation, it crumbles to dust.
You feel strangely unstable.
The boulder beetle completely misses you.
Okay, then.
Casting: Spider Form (dangerous; 9% risk of failure)
Confirm with . or Enter, or press ? or * to list all spells.
Aiming: Petrify (dangerous; 28% risk of failure)
Press: ? - help, Shift-Dir - straight line, f - boulder beetle
Aim: a boulder beetle (severely wounded, extremely poisoned, chance to affect: 31%)
Okay, then.
The boulder beetle attacks as you move away!
The boulder beetle bites you!
You die...

#....#....# #..
#....#....#
#....#...!#....#
#....#....#...#
#...##...##...##
#...##...##....+
#..............#
#..........B...#
#........##s..##
#.)..>...##...#
#.†<..........#
#.............(.
#...#######......
#...## #........
#<...# ######...
#....# ... #....#


You could see a boulder beetle (extremely poisoned).

Vanquished Creatures
  A manticore (D:9)
  A cyclops (D:10)
  A salamander (shapeshifter) (D:9)
  2 gargoyles
  An unseen horror (D:10)
  A kobold demonologist (D:9)
  2 trolls
  Grinder (Sewer)
  A wyvern (D:10)
  12 yaks (D:9)
  2 steam dragons
  Eustachio (D:6)
  3 acid dragons
  A water moccasin (D:7)
  5 ice beasts
  7 orc warriors
  2 black bears
  An ogre (D:5)
  3 centaurs
  A wolf (D:6)
  3 kobold brigands
  2 bullfrogs
  A gnoll sergeant (D:7)
  A necrophage (D:7)
  4 wights (D:7)
  5 killer bees
  The ghost of sammy202020 the Skirmisher, a weakling DsBe of Trog (D:3)
  9 howler monkeys
  6 quasits
  3 hounds
  2 jellies
  A gnoll shaman (D:6)
  3 orc priests
  A water moccasin simulacrum (D:6)
  An iguana (D:5)
  10 orc wizards
  Robin (D:4)
  11 adders
  11 gnolls
  3 shadow imps
  5 white imps
  5 ufetubi
  2 worms
  2 dart slugs
  45 orcs
  4 ball pythons
  9 endoplasms
  A giant cockroach (D:6)
  15 goblins
  11 hobgoblins
  2 jackals (D:4)
  2 quokkas
  5 bats
  4 frilled lizards
  A giant cockroach zombie (Sewer)
  31 kobolds
  6 rats
278 creatures vanquished.

Vanquished Creatures (others)
  A kobold zombie (Sewer)
  6 plants (D:1)
  6 withered plants (D:1)
13 creatures vanquished.

Grand Total: 291 creatures vanquished

Notes
Turn   | Place    | Note
-------+----------+-------------------------------------------
     0 | D:1      | mandarbmax the Octopode Transmuter began the quest for the
                  | Orb.
     0 | D:1      | Reached XP level 1. HP: 13/13 MP: 3/3
   268 | D:1      | Reached XP level 2. HP: 18/18 MP: 3/5
   859 | D:1      | Learned a level 2 spell: Wereblood
   865 | D:1      | Reached skill level 4 in Unarmed Combat
   881 | D:1      | Found a faded altar of an unknown god.
   909 | D:1      | Prayed at the altar of an unknown god.
   909 | D:1      | Became a worshipper of Uskayaw the Reveller
   909 | D:1      | Reached * piety under Uskayaw
  1091 | D:1      | Reached XP level 3. HP: 12/23 MP: 3/6
  1653 | D:2      | Reached skill level 1 in Stealth
  1766 | D:1      | Learned a level 3 spell: Spider Form
  1796 | D:2      | Reached ** piety under Uskayaw
  1992 | D:2      | Reached skill level 1 in Poison Magic
  1992 | D:2      | Reached XP level 4. HP: 28/28 MP: 2/7
  2408 | D:2      | Reached *** piety under Uskayaw
  2411 | D:2      | Reached **** piety under Uskayaw
  3438 | D:3      | Reached XP level 5. HP: 30/33 MP: 3/8
  3496 | D:3      | Found a transporter.
  3497 | D:3      | Noticed sammy202020's ghost (weakling DsBe)
  4087 | D:3      | Found a transporter.
  4417 | D:3      | Reached skill level 5 in Unarmed Combat
  4417 | D:3      | Reached XP level 6. HP: 26/38 MP: 5/9
  4418 | D:3      | Reached ***** piety under Uskayaw
  4420 | D:3      | Killed sammy202020's ghost
  4643 | D:4      | Reached skill level 6 in Unarmed Combat
  4821 | D:4      | Reached XP level 7. HP: 35/43 MP: 7/10
  5429 | D:4      | Found a shadowy altar of Dithmenos.
  5571 | D:4      | Found Ustiu's Jewellery Boutique.
  5947 | D:4      | Noticed Robin
  5967 | D:4      | Killed Robin
  6088 | D:4      | Identified a scroll of acquirement
  6099 | D:5      | Entered Level 5 of the Dungeon
  6194 | D:5      | HP: 2/43 [ogre/+0 giant club (29)]
  7844 | D:6      | Noticed Sigmund
  7844 | D:6      | Found an ornate altar of the Wu Jian Council.
  7964 | D:6      | Reached XP level 8. HP: 34/54 MP: 4/11
  8101 | D:6      | Noticed Eustachio
  8102 | D:6      | Found a staircase to the Ecumenical Temple.
  8219 | D:6      | Found a glowing drain.
  8231 | Sewer    | Entered a sewer
  8374 | Sewer    | Reached skill level 5 in Dodging
  8507 | Sewer    | Found a burning altar of Makhleb.
  8521 | Sewer    | Noticed Grinder
  8533 | Sewer    | Paralysed by Grinder for 2 turns
  8552 | Sewer    | Reached ****** piety under Uskayaw
  8554 | Sewer    | Killed Grinder
  8824 | Sewer    | Reached skill level 7 in Unarmed Combat
  9152 | Sewer    | Acquired the Tome of the Rocks and the Birds
  9154 | Sewer    | Acquired the ring "Goyn" {Wiz Str+2}
  9162 | Sewer    | Learned a level 4 spell: Petrify
  9207 | D:6      | Found a hide-covered altar of Uskayaw.
  9217 | D:6      | Noticed Sigmund
  9217 | D:6      | Sigmund changed into Sigmund the wolf
  9227 | D:6      | Killed Sigmund the wolf
  9240 | D:6      | Found a runed translucent gate.
  9259 | D:6      | Reached skill level 8 in Unarmed Combat
  9259 | D:6      | Found a runed translucent gate.
  9259 | D:6      | Found a runed translucent gate.
  9548 | D:6      | Reached skill level 1 in Invocations
  9548 | D:6      | Reached XP level 9. HP: 58/58 MP: 8/12
  9717 | D:6      | Killed Eustachio
  9880 | D:6      | Noticed chopper's ghost (novice MiFi)
  9925 | D:6      | Reached skill level 5 in Stealth
 10142 | D:6      | Got the ring "Eracsota" {Fire rCorr Int+4}
 10272 | D:7      | Reached skill level 5 in Transmutations
 11471 | D:8      | Reached XP level 10. HP: 62/63 MP: 8/13
 11634 | D:8      | Learned a level 1 spell: Animate Skeleton
 11666 | D:8      | Reached skill level 9 in Unarmed Combat
 12564 | D:9      | Found a staircase to the Lair.
 12696 | D:9      | Reached skill level 10 in Unarmed Combat
 12700 | D:9      | Reached skill level 1 in Evocations
 13070 | D:9      | Noticed a salamander
 13070 | D:9      | a meliai changed into a salamander
 13073 | D:9      | Killed a salamander
 13074 | D:9      | Reached skill level 5 in Fighting
 13437 | D:9      | Noticed a manticore
 13452 | D:9      | Killed a manticore
 13499 | D:9      | Noticed a kobold demonologist
 13505 | D:9      | Noticed a rust devil
 13509 | D:9      | Killed a kobold demonologist
 13528 | D:9      | Reached XP level 11. HP: 57/74 MP: 8/14
 13840 | D:9      | Found a staircase to the Orcish Mines.
 14029 | D:10     | Entered Level 10 of the Dungeon
 15084 | D:10     | Noticed a cyclops
 15102 | D:10     | Killed a cyclops
 15116 | D:10     | Reached skill level 5 in Invocations
 15532 | D:10     | Identified the +4 dagger "Octopus's Doom" {vorpal, rPois
                  | rN+ Str-2 Stlth+}
 16028 | D:11     | Noticed a boulder beetle
 16045 | D:11     | HP: 2/77 [boulder beetle (30)]
 16048 | D:11     | Mangled by a boulder beetle

Illustrated notes

Levels and vault maps discovered:
D:1:      dpeg_arrival_connections, layout_basic,
          shapermc_ecumenical_altar_flowoftime, minmay_statues_item,
          minmay_surrounded
D:2:      layout_rooms
D:3:      layout_basic, gammafunk_ghost_stat_death
D:4:      layout_cave_pods, nicolae_dithmenos_through_a_glass_darkly,
          serial_shops, shop, uniq_robin
D:5:      layout_loops_ring, kennysheep_generic_room_4
D:6:      layout_rooms, mainiacjoe_overflow_large_starburst,
          minmay_temple_entry_stoned_glass, gammafunk_ghost_icy,
          portal_sewer_entry_b, chequers_arboretum, uniq_eustachio, uniq_sigmund
D:7:      layout_basic, chequers_serial_rivers_small_3
D:8:      layout_loops_ring
D:9:      layout_long_grid, lair_entry_dummy, hiddenorc1_lemuel
D:10:     layout_loops_corners, lightli_fourway_metalbox
D:11:     layout_gridville, serial_shops,
          nicolae_shop_competitors_out_of_business, uniq_urug

Skill      XL: |  1  2  3  4  5  6  7  8  9 10 11 |
---------------+----------------------------------+-----
Unarmed Combat | 4 5 6 8 10 | 10.0
Stealth        | 1 3 4 6 7 |  7.7
Poison Magic   | 1 2 |  2.0
Transmutations | 3 5 6 |  6.0
Dodging        | 4 6 7 8 |  8.0
Fighting       | 4 6 8 |  8.0
Invocations    | 1 4 5 |  5.4
Evocations     | 4 |  4.0
Spellcasting   | |  2.0

Action                   |  1- 3 |  4- 6 |  7- 9 | 10-12 || total
-------------------------+-------+-------+-------+-------++-------
Melee: Unarmed           |    93 |    89 |   345 |   248 ||   775
       Kick              |    17 |       |       |       ||    17
       Constrict         |    26 |     2 |     3 |     1 ||    32
       Tentacles         |    16 |     1 |     3 |       ||    20
       Punch             |     3 |       |       |       ||     3
 Cast: Beastly Appendage |    22 |     2 |     1 |       ||    25
       Wereblood         |     5 |     5 |    22 |    15 ||    47
       Spider Form       |     4 |    17 |    47 |    33 ||   101
       Animate Skeleton  |       |       |       |     1 ||     1
Invok: Line Pass         |       |       |     1 |       ||     1
Evoke: Wand              |       |       |     4 |     6 ||    10
  Use: Potion            |       |     4 |     5 |     4 ||    13
       Scroll            |       |     2 |    16 |     4 ||    22
 Stab: Sleeping          |     5 |     8 |     5 |     6 ||    24
       Paralysed         |       |     3 |    18 |    14 ||    35
       Invisible         |       |       |     3 |     7 ||    10
       Distracted        |       |       |       |     1 ||     1
Armor: Skin              |     7 |   162 |    15 |     6 ||   190
Dodge: Dodged            |    40 |    98 |   379 |   216 ||   733

Table legend: (Time is in decaauts)
 A = Elapsed time spent in this place.
 B = Non-inter-level travel time spent in this place.
 C = Inter-level travel time spent in this place.
 D = Time resting spent in this place.
 E = Time spent auto-exploring this place.
 F = Levels seen in this place.
 G = Mean time per level.
                   A        B        C        D        E       F      G
               +--------+--------+--------+--------+--------+-----+--------+
         Total |  15948 |  15402 |    546 |   3194 |   9877 |  12 | 1329.0 |
       Dungeon |  15008 |  14462 |    546 |   2701 |   9602 |  11 | 1364.4 |
         Sewer |    939 |    939 |      0 |    493 |    275 |   1 |  939.0 |
               +--------+--------+--------+--------+--------+-----+--------+

Top non-repeatable levels by time:
     D:4: 2124 daAuts
    D:10: 1885 daAuts
     D:3: 1746 daAuts
     D:1: 1672 daAuts
     D:9: 1450 daAuts
     D:5: 1380 daAuts
     D:7: 1266 daAuts
     D:2: 1201 daAuts
     D:8: 1094 daAuts
     D:6: 1069 daAuts
   Sewer: 939 daAuts
    D:11: 116 daAuts
